 Dungeon Crawl Stone Soup version bcrawl-1.37.2 (webtiles) character file.

Game seed: 7911206229818199321

216420 Mehrunes the Arsonist (level 9, -3/57 HPs)
             Began as a Mummy Fire Elementalist on Nov 8, 2022.
             Was a Follower of Vehumet.
             Shot with a sling bullet by Joseph (18 damage)
             ... on level 7 of the Dungeon.
             The game lasted 00:20:11 (9552 turns).

Mehrunes the Arsonist (Mummy Fire Elementalist)     Turns: 9552, Time: 00:20:12

Health: -3/57      AC:  3    Str: 12    XL:     9   Next: 67%
Magic:  13/16      EV: 12    Int: 17    God:    Vehumet [*.....]
Gold:   517        SH:  5    Dex: 17    Spells: 5/18 levels left

rFire    . . .     GDR:     28% x - +5 whip of Damp Exoneration {slash, Fragile rC- Dex+5 Stlth+}
rCold    . . .     SeeInvis .   (no shield)
rNeg     + + +     Gourm    .   p - +1 robe {rF+}
rPois    ∞         Faith    .   (no helmet)
rElec    .         Spirit   .   (no cloak)
rCorr    .         Reflect  +   (no gloves)
MR       +....     Clarity  +   (no boots)
Stlth    +++++.....             o - +5 amulet of reflection
HPRegen  0.19/turn              l - ring of flight
MPRegen  0.15/turn              a - ring of stealth

@: no status effects
A: no food or potions, fire vulnerability, clarity, cold resistance 1, negative
energy resistance 3, torment resistance, unbreathing, strong hexes 1
a: Renounce Religion, Evoke Flight


You were on level 7 of the Dungeon.
You worshipped Vehumet.
Vehumet was aware of your devotion.
You were not hungry.

You visited 2 branches of the dungeon, and saw 8 of its levels.

You collected 517 gold pieces.

Inventory:

Hand Weapons
 f - a +0 short sword
 k - a +3 whip
 m - a +0 rapier of draining
 v - a +1 dagger of draining
 x - the +5 whip of Damp Exoneration (weapon) {slash, Fragile rC- Dex+5 Stlth+}
   (You found it on level 6 of the Dungeon)

   It will always inflict at least some extra damage.
   This minimum extra damage increases with your current reserve of magical
   power.
   It affects your dexterity (+5).
   It makes you vulnerable to cold.
   It will be destroyed if unequipped.
   It makes you more stealthy.
Missiles
 d - 1443 stones
 h - 80 poisoned tomahawks (quivered)
Armour
 p - a +1 robe of fire resistance (worn)
Magical Staves
 r - an uncursed staff of air
Jewellery
 a - a ring of stealth (right hand)
 e - an uncursed ring of see invisible
 l - a ring of flight (left hand)
 o - a +5 amulet of reflection (around neck)
Wands
 b - a wand of charming (6)
 c - a wand of flame (1)
 w - a wand of random effects (8)
 y - a wand of disintegration (6)
Scrolls
 g - 3 scrolls of enchant weapon
 i - 4 scrolls of identify
 j - 5 scrolls of immolation
 n - a scroll of enchant armour {unknown}
 q - a scroll of fear
 s - a scroll of noise {unknown}
 t - a scroll of amnesia {unknown}
 u - 2 scrolls of teleportation


   Skills:
 - Level 1.5 Dodging
 - Level 2.1 Stealth
 - Level 5.0 Spellcasting
 + Level 7.8 Conjurations
 + Level 8.3 Fire Magic


You had 5 spell levels left.
You knew the following spells:

 Your Spells              Type           Power        Failure   Level  Hunger
a - Flame Tongue          Conj/Fire      ####.        1%          1    N/A
b - Conjure Flame         Conj/Fire      ####....     1%          3    N/A
c - Sticky Flame          Conj/Fire      ####....     1%          4    N/A
d - Fireball              Conj/Fire      ####......   4%          5    N/A

Your spell library contained the following spells:

 Spells                   Type           Power        Failure   Level  Hunger
 Sting                    Conj/Pois      ###.         1%          1    N/A
 Magic Dart               Conj           ####         1%          1    N/A
 Inner Flame              Hex/Fire       N/A          2%          3    N/A
 Flaming Arrows           Chrm/Fire      ###.....     4%          2    N/A
 Mephitic Cloud           Conj/Pois/Air  ##......     4%          3    N/A
 Blink                    Tloc           N/A          22%         2    N/A
 Call Imp                 Summ           #.....       22%         2    N/A
 Spider Form              Tmut/Pois      Unusable     N/A         3    N/A

Dungeon Overview and Level Annotations

Branches:
Dungeon (7/12)             Temple (1/1) D:6            Lair (0/6) D:7

Altars:
Ashenzari
Cheibriados
Dithmenos
Gozag
Hepliaklqana
Kikubaaqudgha
Lugonu
Makhleb
Nemelex Xobeh
Qazlal
Ru
Sif Muna
Trog
Uskayaw
Vehumet
Wu Jian
Xom
Yredelemnul

Annotations:
D:6 2 runed translucent doors, 1 exclusion, yrara's ghost, novice DsFi
D:7 1 transporter, exclusion: two-headed ogre, Joseph; yrara's ghost, novice DsFi


Innate Abilities, Weirdness & Mutations

You do not eat or drink.
Your flesh is vulnerable to fire.
You are immune to poison.
You possess an exceptional clarity of mind.
Your flesh is cold resistant. (rC+)
You are immune to negative energy. (rN+++)
You are immune to unholy pain and torment.
You can survive without breathing.
Your hexes are more powerful.


Message History

Press: ? - help, Shift-Dir - straight line, f - komodo dragon
Aim: a komodo dragon The sticky flame hits the komodo dragon.
The komodo dragon is lightly wounded.
The komodo dragon is covered in liquid flames!
The komodo dragon burns!
The komodo dragon bites you!!
The komodo dragon burns!
The komodo dragon burns!
The komodo dragon burns!
The komodo dragon burns!
Joseph shouts!
The komodo dragon burns!
Joseph unwields a +0 quarterstaff.
Joseph wields a cursed -3 hunting sling.
Joseph shoots a sling bullet.
The sling bullet hits you!
* * * LOW HITPOINT WARNING * * *
You see here a brown potion.
The komodo dragon burns!
Joseph screams, "You must be punished!"
Joseph shoots a sling bullet.
The sling bullet hits you!!
You die...

####.......#...................
##....@...#...........#...."..
##....................###......
#..........###.................
#..........##..................
###..............................
.................................
###........#.....................
.####.....##...l@........†.......
...##....##.....................#
....####.##...#.###.#...##....###
P........##..##.# ##...###....#
P.....#......#### #...# .....#
PPPP.###.....# ##### #!...#


PPPP## ####### #.### PPP## #### You could see Joseph and a komodo dragon
(burning).

Vanquished Creatures
  Pikel (D:7)
  A hippogriff (D:6)
  Edmund (D:5)
  A water moccasin (D:7)
  Duvessa (D:6)
  2 ice beasts (D:7)
  4 slaves (D:6)
  A hornet zombie (D:7)
  2 phantoms
  2 necrophages (D:6)
  A bullfrog (D:6)
  A gnoll sergeant (D:5)
  Dowan (D:6)
  6 scorpions
  A centaur (D:5)
  5 wights
  An electric eel (D:6)
  An orc priest (D:4)
  3 crimson imps
  A bullfrog skeleton (D:7)
  3 hounds
  6 orc wizards
  A jelly (D:6)
  Jessica (D:3)
  Terence (D:3)
  5 worker ants
  A hound zombie (D:7)
  A worker ant zombie (D:6)
  4 gnolls
  8 adders
  2 oozes
  2 adder skeletons
  3 worms
  7 dart slugs
  4 leopard geckos
  17 orcs
  A giant cockroach (D:4)
  5 goblins
  3 hobgoblins (D:2)
  6 jackals
  7 quokkas
  A ball python (D:1)
  8 bats
  5 frilled lizards
  2 jackal skeletons
  6 kobolds
  A quokka skeleton (D:4)
  2 rats
150 creatures vanquished.

Vanquished Creatures (others)
  2 plants (D:7)
2 creatures vanquished.

Grand Total: 152 creatures vanquished

Notes
Turn   | Place    | Note
-------+----------+-------------------------------------------
     0 | D:1      | Mehrunes the Mummy Fire Elementalist began the quest for
                  | the Orb.
     0 | D:1      | Reached XP level 1. HP: 13/13 MP: 4/4
   385 | D:1      | Reached skill level 1 in Conjurations
   427 | D:1      | Reached XP level 2. HP: 19/19 MP: 4/6
   988 | D:1      | Reached XP level 3. HP: 24/24 MP: 6/8
  1293 | D:1      | Learned a level 3 spell: Conjure Flame
  2005 | D:2      | Reached XP level 4. HP: 30/30 MP: 0/10
  2174 | D:2      | Reached skill level 3 in Fire Magic
  2219 | D:2      | Learned a level 4 spell: Sticky Flame
  2629 | D:3      | Reached skill level 5 in Spellcasting
  2629 | D:3      | Reached XP level 5. HP: 33/35 MP: 4/12
  3063 | D:3      | Noticed Terence
  3096 | D:3      | Noticed a phantom
  3371 | D:3      | Noticed Jessica
  3411 | D:3      | Killed Jessica
  3678 | D:3      | Killed Terence
  3929 | D:4      | Reached XP level 6. HP: 31/41 MP: 0/13
  4004 | D:4      | Noticed a hippogriff
  4177 | D:3      | Reached skill level 4 in Fire Magic
  4419 | D:4      | Reached XP level 7. HP: 41/46 MP: 3/14
  4777 | D:4      | Reached skill level 5 in Fire Magic
  4986 | D:5      | Entered Level 5 of the Dungeon
  4987 | D:5      | Found a sparkling altar of Nemelex Xobeh.
  5272 | D:5      | Noticed Edmund
  5808 | D:5      | Found a snail-covered altar of Cheibriados.
  5814 | D:5      | Found a glowing silver altar of Zin.
  5926 | D:5      | Killed Edmund
  5927 | D:5      | Reached skill level 5 in Conjurations
  5927 | D:5      | Reached XP level 8. HP: 48/52 MP: 1/15
  6420 | D:6      | Reached skill level 6 in Fire Magic
  6536 | D:6      | Learned a level 5 spell: Fireball
  6583 | D:6      | Found a staircase to the Ecumenical Temple.
  6644 | D:6      | Got a crystal whip
  6646 | D:6      | Identified the +5 whip of Damp Exoneration {slash, Fragile
                  | rC- Dex+5 Stlth+} (You found it on level 6 of the Dungeon)
  6800 | Temple   | Entered the Ecumenical Temple
  7012 | Temple   | Became a worshipper of Vehumet
  7047 | D:6      | Noticed Dowan
  7051 | D:6      | Noticed Duvessa
  7125 | D:6      | Found a runed translucent door.
  7183 | D:6      | Killed Duvessa
  7192 | D:6      | Killed Dowan
  7345 | D:6      | Found a runed translucent door.
  7367 | D:6      | Found a shimmering blue altar of Sif Muna.
  7394 | D:6      | Noticed a hippogriff
  7403 | D:6      | Killed a hippogriff
  7671 | D:6      | Noticed yrara's ghost (novice DsFi)
  7725 | D:6      | Reached skill level 7 in Fire Magic
  7927 | D:7      | Noticed Pikel
  8168 | D:7      | Reached XP level 9. HP: 30/57 MP: 8/16
  9127 | D:7      | Found a transporter.
  9158 | D:7      | Noticed yrara's ghost (novice DsFi)
  9161 | D:7      | Noticed a two-headed ogre
  9171 | D:7      | Noticed a two-headed ogre
  9222 | D:7      | Killed Pikel
  9222 | D:7      | Reached * piety under Vehumet
  9222 | D:7      | Offered knowledge of Sting by Vehumet.
  9223 | D:7      | Reached skill level 8 in Fire Magic
  9353 | D:7      | Noticed Joseph
  9504 | D:7      | Found a staircase to the Lair.
  9505 | D:7      | Noticed a komodo dragon
  9552 | D:7      | Shot with a sling bullet by Joseph

Skill      XL: |  1  2  3  4  5  6  7  8  9 |
---------------+----------------------------+-----
Spellcasting   | 3 4 5 |  5.0
Conjurations   | 1 2 3 5 6 7 |  7.8
Fire Magic     | 3 4 5 7 8 |  8.3
Dodging        | |  1.5
Stealth        | |  2.1

Action                   |  1- 3 |  4- 6 |  7- 9 || total
-------------------------+-------+-------+-------++-------
Melee: Short sword       |     5 |    10 |     1 ||    16
       Whip              |       |       |    12 ||    12
Throw: Tomahawk          |       |       |    36 ||    36
 Cast: Flame Tongue      |    88 |   106 |   172 ||   366
       Sticky Flame      |       |     2 |    35 ||    37
       Conjure Flame     |       |     1 |     3 ||     4
       Fireball          |       |       |     3 ||     3
Evoke: Wand              |       |     3 |       ||     3
  Use: Scroll            |       |     7 |     2 ||     9
 Stab: Sleeping          |       |     1 |       ||     1
Armor: Robe              |     4 |    10 |    24 ||    38
Dodge: Dodged            |    24 |    45 |    74 ||   143
Block: Other             |       |    11 |    36 ||    47
       Reflection        |       |       |     3 ||     3
